 Dungeon Crawl Stone Soup version 0.22-a0-430-g6609fc6 (webtiles) character file.

71 shitimlost the Chopper (level 4, -3/41 HPs)
             Began as a Hill Orc Monk on May 27, 2018.
             Slain by an iguana (6 damage)
             ... on level 3 of the Dungeon.
             The game lasted 00:03:22 (2030 turns).

shitimlost the Chopper (Hill Orc Monk)              Turns: 2030, Time: 00:03:22

Health: -3/41      AC:  5    Str: 14    XL:     4   Next: 24%
Magic:  4/4        EV: 11    Int: 10    God:
Gold:   149        SH:  0    Dex: 13    Spells: 3/3 levels left

rFire    . . .     SeeInvis .   a - +0 hand axe
rCold    . . .     Gourm    .   (no shield)
rNeg     . . .     Faith    .   p - +0 ring mail
rPois    .         Spirit   .   (no helmet)
rElec    .         Reflect  .   (no cloak)
rCorr    .         Harm     .   (no gloves)
MR       .....                  (no boots)
Stlth    +.........             (no amulet)
HPRegen  0.13/turn              (no ring)
MPRegen  0.09/turn              (no ring)

@: flying
A: no striking features
a: no special abilities


You were on level 3 of the Dungeon.
You were not hungry.

You visited 1 branch of the dungeon, and saw 3 of its levels.

You collected 149 gold pieces.

Inventory:

Hand Weapons
 a - a +0 hand axe (weapon)
Missiles
 k - 165 stones (quivered)
 o - 7 tomahawks
Armour
 b - a +0 robe
 h - a +0 scale mail
 j - a +0 pair of gloves
 p - a +0 ring mail (worn)
Jewellery
 e - an uncursed ring of wizardry {unknown}
 q - an uncursed ring of see invisible {unknown}
 r - a +2 ring of dexterity {unknown}
Scrolls
 d - 2 scrolls of identify {unknown}
 f - a scroll of fear {unknown}
 g - a scroll of teleportation {unknown}
 m - a scroll of amnesia {unknown}
 n - a scroll of enchant weapon {unknown}
 s - 2 scrolls of remove curse {unknown}
Potions
 t - a potion of berserk rage {unknown}
Comestibles
 c - 4 rations
 i - 3 chunks of flesh


   Skills:
 + Level 4.3 Fighting
 + Level 4.7 Axes
 + Level 1.1 Armour
 - Level 2.7 Dodging
 + Level 2.3 Stealth


You had 3 spell levels left.
You didn't know any spells.
Your spell library was empty.

Dungeon Overview and Level Annotations

Branches:
Dungeon (3/15)

Altars:


Message History

You hit the iguana but do no damage.
The iguana is almost dead.
The iguana barely misses you.
You hit the iguana but do no damage.
The iguana is almost dead.
The iguana bites you!
* * * LOW HITPOINT WARNING * * *
You closely miss the iguana.
The iguana is almost dead.
The iguana barely misses you.
Your ring mail prevents you from hitting the iguana.
The iguana is almost dead.
The iguana bites you but does no damage.
It was a potion of flight.
You feel very buoyant.
You fly up into the air.
The iguana closely misses you.
You closely miss the iguana.
The iguana is almost dead.
The iguana bites you.
You die...

#######
#.....#
#.....#
#....(#
+...(.+
#....(###
#.....'K#
#.....#l#
###+###@#
##+###'###
#........#
#........#
#........#
#........+
##
#........#
.#
##+#+#'###
.# #.#


You could see an iguana and a kobold.

Vanquished Creatures
  A worker ant zombie (D:2)
  A worm (D:2)
  A leopard gecko (D:1)
  An orc (D:2)
  2 ball pythons
  8 bats
  3 giant cockroaches
  5 goblins
  6 hobgoblins
  10 jackals
  2 frilled lizards
  4 kobolds
  3 rats
47 creatures vanquished.

Notes
Turn   | Place    | Note
-------+----------+-------------------------------------------
     0 | D:1      | shitimlost the Hill Orc Monk began the quest for the Orb.
     0 | D:1      | Reached XP level 1. HP: 19/19 MP: 1/1
   143 | D:1      | Reached XP level 2. HP: 23/27 MP: 2/2
   902 | D:1      | Reached XP level 3. HP: 32/33 MP: 3/3
  1446 | D:2      | Reached skill level 1 in Armour
  1507 | D:2      | Reached XP level 4. HP: 35/40 MP: 4/4
  2026 | D:3      | HP: 2/41 [iguana (7)]
  2030 | D:3      | Slain by an iguana

Vault maps used:
D:1:      dpeg_arrival_ternary, minmay_tree_intersection
D:3:      zin_academy, lemuel_round_altar

Skill      XL: |  1  2  3 |
---------------+----------+-----
Fighting       | 4 |  4.3
Stealth        | 2 |  2.3
Armour         | 1 |  1.1
Axes           | |  4.7
Dodging        | |  2.7

Action                   |  1- 3 |  4- 6 || total
-------------------------+-------+-------++-------
Melee: Hand axe          |   138 |    52 ||   190
Throw: Stone             |     5 |       ||     5
  Use: Potion            |       |     1 ||     1
 Stab: Sleeping          |     5 |       ||     5
  Eat: Chunk             |     2 |     2 ||     4
Armor: Robe              |     8 |       ||     8
       Ring mail         |    34 |    29 ||    63
Dodge: Dodged            |    97 |    48 ||   145

Table legend:
 A = Spawn XP
 B = Non-spawn XP
 C = Spawn XP percentage of total XP
 D = Spawn monster count
 E = Non-spawn monster count
 F = Spawn count percentage of total count
 G = Total turns spent on level
                    A         B        C        D         E        F      G
               +---------+---------+-------+---------+---------+-------+---------
         Total |       0 |     102 |   0.0 |       0 |      47 |   0.0 |  2030
               +---------+---------+-------+---------+---------+-------+---------
           D:1 |       0 |      42 |   0.0 |       0 |      23 |   0.0 |  1201
           D:2 |       0 |      54 |   0.0 |       0 |      21 |   0.0 |   758
           D:3 |       0 |       6 |   0.0 |       0 |       3 |   0.0 |    71
               +---------+---------+-------+---------+---------+-------+---------
